 Dungeon Crawl Stone Soup version 0.31-a0-1074-g0b22e4e0f1 (webtiles) character file.

Game seed: 3696053384774331504

262 BigPumpCobain the Cudgeller (level 5, -6/47 HPs)
             Began as a Minotaur Fighter on Dec 8, 2023.
             Killed by divine providence
             ... invoked by an orc priest
              (14 damage)
             ... on level 3 of the Dungeon.
             The game lasted 00:03:01 (1404 turns).

BigPumpCobain the Cudgeller (Minotaur Fighter)      Turns: 1404, Time: 00:03:01

Health: -6/47      AC: 11    Str: 23    XL:     5   Next: 97%
Magic:  4/4        EV: 10    Int:  5    God:
Gold:   88         SH:  4    Dex:  9    Spells: 4/4 levels left

rFire   . . .        a - +0 flail
rCold   . . .        c - +0 buckler
rNeg    . . .        j - +4 ring mail
rPois   .            (helmet restricted)
rElec   .            i - +0 cloak
rCorr   .            (no gloves)
SInv    .            (no boots)
Will    .....        (no amulet) Stlth
                     (no ring)
HPRegen 0.27/turn    (no ring)
MPRegen 0.09/turn

%: no passive effects
@: no status effects
A: horns 2, retaliatory headbutt
a: no special abilities


You were on level 3 of the Dungeon.
You visited 1 branch of the dungeon, and saw 3 of its levels.

You collected 88 gold pieces.

Inventory:

Hand Weapons
 a - a +0 flail (weapon)
 k - a +3 trident
Armour
 c - a +0 buckler (worn)
 i - a +0 cloak (worn)
 j - a +4 ring mail (worn)
Scrolls
 b - 2 scrolls of revelation {unknown}
 e - 4 scrolls of immolation {unknown}
 g - a scroll of teleportation {unknown}
Potions
 d - 2 potions of might
 f - a potion of curing {unknown}
 h - a potion of attraction {unknown}


   Skills:
 + Level 4.8 Fighting
 * Level 5.1 Maces & Flails
 + Level 4.8 Armour
 + Level 4.8 Shields


You had 4 spell levels left.
You didn't know any spells.
Your spell library contained the following spells:

 Spells                   Type           Power      Damage    Failure   Level
 Summon Guardian Golem    Hex/Summ       0%         N/A       96%         3
 Orb of Destruction       Conj           0%         9d5       100%        7
 Spellforged Servitor     Conj/Summ      0%         N/A       100%        7


Dungeon Overview and Level Annotations

Branches:
Dungeon (3/15)

Altars:

Shops:
D:1 (   D:3 *


Innate Abilities, Weirdness & Mutations

You have a pair of horns on your head.
You reflexively headbutt those who attack you in melee.


Message History

You are too injured to fight recklessly!
You are too injured to fight recklessly!
You are too injured to fight recklessly!
You are too injured to fight recklessly!
You are too injured to fight recklessly!
The worm attacks as it pursues you! The worm bites you.
The orc priest invokes the aid of Beogh against you.
Beogh smites you!
* * * LOW HITPOINT WARNING * * *
The orc priest misses you.
You closely miss the orc priest. You block the orc priest's attack.
You hit the orc priest but do no damage.
The orc priest misses you.
You barely miss the orc priest. The orc priest hits you with a +0 club.
* * * LOW HITPOINT WARNING * * *
You hit the orc priest.
The orc priest is lightly wounded.
The orc priest closely misses you. You furiously retaliate!
You headbutt the orc priest. You hit the orc priest.
The orc priest is moderately wounded.
The orc priest casts a cantrip, but nothing happens.
The orc priest hits you but does no damage.
You hit the orc priest but do no damage.
Your headbutt misses the orc priest.
The orc priest is moderately wounded.
You block the orc priest's attack.
You sock the orc priest!
You kill the orc priest!
Your Maces & Flails skill increases to level 5!
You barely miss the orc. The orc hits you with a +0 mace.
* * * LOW HITPOINT WARNING * * *
The orc priest looks braver for a moment.
You hit the orc.
The orc is lightly wounded.
You block the orc's attack.
You closely miss the orc. The orc barely misses you.
The orc priest invokes the aid of Beogh against you.
Beogh smites you!
You die...

#o #.....# #. #.
#.##..# #o #.# #.##..#
###.#### #.# #.##..##
#....o.# #.# #.#.....
#...###.#.# #.#.#.#+
+.......#.# #.#.#...
#...#####.#####.#.##..
+..oo@..........#.##..
#..o#####.#####.#.##..
#............####.##..
####.......#....#.##..
#............#.#.####
+............+ #.####
#............# #.....
#............# #.####
#............# #.#.∩#


You could see an orc priest and 2 orcs.

Vanquished Creatures
  Sigmund (D:3)
  An orc priest (D:3)
  3 adders (D:2)
  2 worms
  A dart slug (D:1)
  An orc (D:3)
  2 ball pythons (D:1)
  5 bats
  3 endoplasms
  7 goblins
  4 hobgoblins
  3 jackals (D:2)
  7 kobolds
  3 frilled lizards
  4 rats
47 creatures vanquished.

Notes
Turn   | Place    | Note
-------+----------+-------------------------------------------
     0 | D:1      | BigPumpCobain the Minotaur Fighter began the quest for the
                  | Orb.
     0 | D:1      | Reached XP level 1. HP: 19/19 MP: 0/0
    51 | D:1      | Reached XP level 2. HP: 27/27 MP: 1/1
    94 | D:1      | Reached skill level 3 in Maces & Flails
   119 | D:1      | Found Oluesh's Weapon Boutique.
   423 | D:2      | Reached XP level 3. HP: 33/33 MP: 2/2
   985 | D:2      | Reached XP level 4. HP: 40/40 MP: 3/3
  1162 | D:3      | Noticed Sigmund
  1212 | D:3      | Killed Sigmund
  1213 | D:3      | Reached skill level 4 in Maces & Flails
  1213 | D:3      | Reached XP level 5. HP: 44/47 MP: 4/4
  1315 | D:3      | Found Ziluwe's Assorted Antiques.
  1402 | D:3      | Reached skill level 5 in Maces & Flails
  1404 | D:3      | Killed from afar by an orc priest

Illustrated notes

Levels and vault maps discovered:
D:1:      minmay_arrival_shoal_huts, layout_rooms, serial_shops, shop
D:2:      layout_basic, minmay_tetromino_o4
D:3:      layout_basic, tso_altar, serial_shops, nicolae_shop_back_alley_shop,
          biasface_ghost_orc_armoury, grunt_ministairs_5,
          minmay_goblin_kobold_house, uniq_sigmund

Skill      XL: |  1  2  3  4  5 |
---------------+----------------+-----
Maces & Flails | 3 4 5 |  5.1
Armour         | 4 |  4.8
Fighting       | 4 |  4.8
Shields        | 4 |  4.8

Action                     |  1- 3 |  4- 6 || total
---------------------------+-------+-------++-------
  Melee: Flail             |    78 |    34 ||   112
         Headbutt          |     8 |     3 ||    11
 Armour: Scale mail        |    58 |     6 ||    64
         Ring mail         |       |    17 ||    17
  Dodge: Dodged            |    41 |    15 ||    56
  Block: Buckler           |    14 |     8 ||    22

Table legend: (Time is in decaauts)
 A = Elapsed time spent in this place.
 B = Non-inter-level travel time spent in this place.
 C = Inter-level travel time spent in this place.
 D = Time resting spent in this place.
 E = Time spent auto-exploring this place.
 F = Levels seen in this place.
 G = Mean time per level.
                   A        B        C        D        E       F      G
               +--------+--------+--------+--------+--------+-----+--------+
         Total |   1438 |   1388 |     50 |      0 |   1020 |   3 |  479.3 |
       Dungeon |   1438 |   1388 |     50 |      0 |   1020 |   3 |  479.3 |
               +--------+--------+--------+--------+--------+-----+--------+

Top non-repeatable levels by time:
     D:2: 744 daAuts
     D:1: 377 daAuts
     D:3: 316 daAuts
